 Dungeon Crawl Stone Soup version 0.30.2 (webtiles) character file.

Game seed: 6878424452645092687

335 Ashen the Magician (level 6, -2/44 HPs)
             Began as a Gnoll Hedge Wizard on Jan 30, 2024.
             Was an Initiate of Sif Muna.
             Shot with an arrow by a centaur (6 damage)
             ... on level 5 of the Dungeon.
             The game lasted 00:14:13 (4382 turns).

Ashen the Magician (Gnoll Hedge Wizard)             Turns: 4382, Time: 00:14:14

Health: -2/44      AC:  3    Str: 15    XL:     6   Next: 53%
Magic:  16/21      EV: 13    Int: 16    God:    Sif Muna [......]
Gold:   430        SH:  0    Dex: 11    Spells: 13/19 levels left

rFire   . . .        v - staff of conjuration
rCold   . . .        (no shield)
rNeg    . . .        b - +0 robe
rPois   .            c - +0 hat
rElec   .            (no cloak)
rCorr   .            j - +0 pair of gloves
SInv    .            (no boots)
Will    .....        B
                       - Hermit's Pendant {Faith Invo=14 Evo=0 MP+5}
Stlth   +++          w - +6 ring of strength
HPRegen 0.27/turn    (no ring)
MPRegen 0.17/turn

%: faith
@: no status effects
A: fangs 1, strong nose, distributed training
a: Renounce Religion


You were on level 5 of the Dungeon.
You worshipped Sif Muna.
Sif Muna was noncommittal.
You visited 1 branch of the dungeon, and saw 5 of its levels.

You collected 430 gold pieces.

Inventory:

Hand Weapons
 f - a +1 dagger of venom
 r - a +2 hand axe of electrocution
Armour
 b - a +0 robe (worn)
 c - a +0 hat (worn)
 j - a +0 pair of gloves (worn)
Magical Staves
 v - a staff of conjuration (weapon)
Jewellery
 w - a +6 ring of strength (left hand)
 y - a ring of poison resistance
 B - the Hermit's Pendant (around neck) {Faith Invo=14 Evo=0 MP+5}
   (You found it on level 4 of the Dungeon)

   [amulet of faith]

   Invo=14: It sets your Invocations skill to 14.
   Evo=0: It sets your Evocations skill to 0.
   It allows you to gain divine favour quickly.
   MP:        It affects your magic capacity (+5).
Scrolls
 e - 11 scrolls of identify {unknown}
 g - a scroll of immolation {unknown}
 k - 2 scrolls of magic mapping {unknown}
 l - a scroll of brand weapon {unknown}
 m - a scroll of poison {unknown}
 p - 2 scrolls of teleportation {unknown}
 q - a scroll of noise {unknown}
 s - a scroll of blinking {unknown}
 t - 2 scrolls of vulnerability {unknown}
 u - a scroll of torment {unknown}
 z - a scroll of enchant weapon {unknown}
 A - a scroll of enchant armour {unknown}
Potions
 a - a potion of resistance {unknown}
 d - a potion of magic
 h - a potion of cancellation {unknown}
 i - 3 potions of curing {unknown}
 n - a potion of degeneration {unknown}
 o - 2 potions of brilliance {unknown}
 x - 2 potions of might {unknown}


   Skills:
 + Level 2.1 Fighting
 + Level 2.1 Short Blades
 + Level 2.1 Long Blades
 + Level 2.1 Axes
 + Level 2.1 Maces & Flails
 + Level 2.1 Polearms
 + Level 2.1 Staves
 + Level 2.1 Ranged Weapons
 + Level 2.1 Throwing
 + Level 2.1 Armour
 + Level 5.0 Dodging
 + Level 4.6 Stealth
 + Level 2.1 Shields
 + Level 2.1 Unarmed Combat
 + Level 7.4 Spellcasting
 + Level 2.7 Conjurations
 + Level 1.6 Hexes
 + Level 2.7 Summonings
 + Level 1.6 Necromancy
 + Level 2.7 Translocations
 + Level 1.6 Transmutations
 + Level 1.6 Fire Magic
 + Level 1.6 Ice Magic
 + Level 1.6 Air Magic
 + Level 1.6 Earth Magic
 + Level 1.6 Poison Magic
 + Level 2.3(14.0) Invocations
 + Level 2.1(0.0) Evocations


You had 13 spell levels left.
You knew the following spells:

 Your Spells              Type           Power      Damage    Failure   Level
a - Magic Dart            Conj           88%        1d7       3%          1
b - Blink                 Tloc           28%        N/A       6%          2
c - Mephitic Cloud        Conj/Pois/Air  18%        N/A       16%         3

Your spell library contained the following spells:

 Spells                   Type           Power      Damage    Failure   Level
 Summon Small Mammal      Summ           56%        N/A       3%          1
 Kiss of Death            Conj/Necr      76%        2d11      4%          1
 Slow                     Hex            44%        N/A       6%          1
 Call Imp                 Summ           28%        N/A       6%          2
 Cigotuvi's Dreadful Rot  Necr/Pois/Air  22%        N/A       9%          2
 Call Canine Familiar     Summ           14%        N/A       12%         3
 Hailstorm                Conj/Ice       19%        3d6       14%         3
 Summon Guardian Golem    Hex/Summ       13%        N/A       14%         3
 Confusing Touch          Hex            11%        N/A       19%         3
 Animate Dead             Necr           11%        N/A       52%         4
 Dispel Undead            Necr           11%        3d9       52%         4
 Ice Form                 Ice/Tmut       11%        N/A       52%         4
 Simulacrum               Ice/Necr       5%         N/A       100%        6
 Haunt                    Necr/Summ      6%         N/A       100%        7
 Infestation              Necr           5%         N/A       100%        8


Dungeon Overview and Level Annotations

Branches:
Dungeon (5/15)
 Temple: D:4-7

Altars:
Nemelex Xobeh
Sif Muna
The Shining One

Shops:
D:3 (

Annotations:
D:4 Edmund, Grinder


Innate Abilities, Weirdness & Mutations

You have very sharp teeth.
Your uncanny sense of smell can sniff out nearby items.
Your experience applies equally to all skills.


Message History

Aim: a centaur (lightly wounded, 100% to hit)
You feel a surge of power!
The magic dart hits the centaur.
The centaur is moderately wounded.
The centaur wields a +0 shortbow.
The centaur shoots an arrow.
The arrow closely misses you.
The centaur shoots an arrow.
The arrow hits you!
Casting: Magic Dart (safe; 3% risk of failure)
Confirm with . or Enter, or press ? or * to list all spells.
Aiming: Magic Dart (safe; 3% risk of failure)
Press: ? - help, Shift-Dir - straight line, f/p - centaur
Aim: a centaur, wielding a +0 shortbow (moderately wounded, 100% to hit)
You feel a surge of power!
The magic dart hits the centaur.
The centaur is heavily wounded.
The centaur shoots an arrow.
The arrow hits you.
Casting: Magic Dart (safe; 3% risk of failure)
Confirm with . or Enter, or press ? or * to list all spells.
Aiming: Magic Dart (safe; 3% risk of failure)
Press: ? - help, Shift-Dir - straight line, f/p - centaur
Aim: a centaur, wielding a +0 shortbow (heavily wounded, 100% to hit)
You feel a surge of power!
The magic dart hits the centaur.
The centaur is heavily wounded.
The centaur shoots an arrow.
The arrow barely misses you.
Casting: Magic Dart (safe; 3% risk of failure)
Confirm with . or Enter, or press ? or * to list all spells.
Aiming: Magic Dart (safe; 3% risk of failure)
Press: ? - help, Shift-Dir - straight line, f/p - centaur
Aim: a centaur, wielding a +0 shortbow (heavily wounded, 100% to hit)
You feel a surge of power!
The magic dart hits the centaur.
The centaur is heavily wounded.
The centaur shoots an arrow.
The arrow hits you!
Casting: Magic Dart (safe; 3% risk of failure)
Confirm with . or Enter, or press ? or * to list all spells.
Aiming: Magic Dart (safe; 3% risk of failure)
Press: ? - help, Shift-Dir - straight line, f/p - centaur
Aim: a centaur, wielding a +0 shortbow (heavily wounded, 100% to hit)
You feel a surge of power!
The magic dart hits the centaur.
The centaur is almost dead.
The centaur shoots an arrow.
The arrow hits you!
* * * LOW HITPOINT WARNING * * *
The centaur shoots an arrow.
The arrow hits you.
You die...

### ∆ ..# # #.#
##.### #.#
#.....##.#####.#
#.<........#
####@#######
...c....#
....##### .# ∆


You could see a centaur.

Vanquished Creatures
  A phantom (D:4)
  A wight (D:4)
  An iguana (D:4)
  An orc wizard (D:3)
  4 adders
  2 worms
  8 orcs
  8 endoplasms
  5 giant cockroaches
  6 goblins
  11 hobgoblins
  18 jackals
  4 quokkas
  11 ball pythons
  6 bats
  2 frilled lizards
  4 kobolds
  5 rats
98 creatures vanquished.

Notes
Turn   | Place    | Note
-------+----------+-------------------------------------------
     0 | D:1      | Ashen the Gnoll Hedge Wizard began the quest for the Orb.
     0 | D:1      | Reached XP level 1. HP: 13/13 MP: 8/8
   209 | D:1      | Reached XP level 2. HP: 19/19 MP: 1/10
   496 | D:1      | Found a faded altar of an unknown god.
   655 | D:1      | Reached XP level 3. HP: 24/25 MP: 9/11
   859 | D:1      | Reached skill level 1 in Invocations
  1202 | D:2      | Learned a level 2 spell: Blink
  1206 | D:2      | Learned a level 3 spell: Mephitic Cloud
  1334 | D:2      | Reached skill level 1 in Fighting
  1334 | D:2      | Reached skill level 1 in Short Blades
  1334 | D:2      | Reached skill level 1 in Long Blades
  1334 | D:2      | Reached skill level 1 in Axes
  1334 | D:2      | Reached skill level 1 in Maces & Flails
  1334 | D:2      | Reached skill level 1 in Polearms
  1334 | D:2      | Reached skill level 1 in Staves
  1334 | D:2      | Reached skill level 1 in Ranged Weapons
  1334 | D:2      | Reached skill level 1 in Throwing
  1334 | D:2      | Reached skill level 1 in Armour
  1334 | D:2      | Reached skill level 1 in Shields
  1334 | D:2      | Reached skill level 1 in Unarmed Combat
  1334 | D:2      | Reached skill level 1 in Evocations
  1405 | D:2      | Reached XP level 4. HP: 28/32 MP: 3/13
  1740 | D:2      | Reached skill level 1 in Hexes
  1740 | D:2      | Reached skill level 1 in Necromancy
  1740 | D:2      | Reached skill level 1 in Transmutations
  1740 | D:2      | Reached skill level 1 in Fire Magic
  1740 | D:2      | Reached skill level 1 in Ice Magic
  1740 | D:2      | Reached skill level 1 in Air Magic
  1740 | D:2      | Reached skill level 1 in Earth Magic
  1740 | D:2      | Reached skill level 1 in Poison Magic
  2241 | D:3      | Reached XP level 5. HP: 36/37 MP: 5/14
  2582 | D:3      | Found Haafomorch's Weapon Shoppe.
  2868 | D:4      | Noticed Grinder
  3101 | D:4      | Found a sparkling altar of Nemelex Xobeh.
  3199 | D:4      | Found a shimmering blue altar of Sif Muna.
  3199 | D:4      | Found a glowing golden altar of the Shining One.
  3200 | D:4      | Noticed a phantom
  3204 | D:4      | Became a worshipper of Sif Muna the Loreminder
  3356 | D:4      | Killed a phantom
  3357 | D:4      | Reached skill level 5 in Dodging
  3357 | D:4      | Reached XP level 6. HP: 17/44 MP: 1/16
  3492 | D:4      | Noticed Edmund
  3675 | D:4      | Found the Hermit's Pendant {Faith Invo=14 Evo=0 MP+5}
  3951 | D:5      | Entered Level 5 of the Dungeon
  4382 | D:5      | Shot with an arrow by a centaur

Illustrated notes

Levels and vault maps discovered:
D:1:      wander_arrival_peaceful_grave, layout_basic,
          dreamdust_ecumenical_altar_statues, st_stairs_4, minmay_tromino_mix6
D:2:      layout_basic, minmay_misc_feat_plants
D:3:      layout_basic, serial_shops, shop
D:4:      layout_gridville, jmf_multi_god_temple, amcnicky_altar_gilded,
          uniq_grinder, uniq_edmund
D:5:      layout_loops_cross, mainiacjoe_overflow_boulevard,
          minmay_tree_intersection, grunt_ministairs_6, sword_in_stone,
          uniq_duvessa

Skill      XL: |  1  2  3  4  5  6 |
---------------+-------------------+-----
Conjurations   | 2 |  2.7
Summonings     | 2 |  2.7
Translocations | 2 |  2.7
Invocations    | 1 2 |  2.3
Fighting       | 1 2 |  2.1
Short Blades   | 1 2 |  2.1
Long Blades    | 1 2 |  2.1
Axes           | 1 2 |  2.1
Maces & Flails | 1 2 |  2.1
Polearms       | 1 2 |  2.1
Staves         | 1 2 |  2.1
Ranged Weapons | 1 2 |  2.1
Throwing       | 1 2 |  2.1
Armour         | 1 2 |  2.1
Shields        | 1 2 |  2.1
Unarmed Combat | 1 2 |  2.1
Evocations     | 1 2 |  2.1
Hexes          | 1 |  1.6
Necromancy     | 1 |  1.6
Transmutations | 1 |  1.6
Fire Magic     | 1 |  1.6
Ice Magic      | 1 |  1.6
Air Magic      | 1 |  1.6
Earth Magic    | 1 |  1.6
Poison Magic   | 1 |  1.6
Dodging        | 5 |  5.0
Stealth        | |  4.6
Spellcasting   | |  7.4

Action                     |  1- 3 |  4- 6 || total
---------------------------+-------+-------++-------
  Melee: Dagger            |    61 |    97 ||   158
         Bite              |     5 |    14 ||    19
         Punch             |     3 |     2 ||     5
         Hand axe          |       |     8 ||     8
   Cast: Magic Dart        |    83 |   134 ||   217
         Blink             |       |     6 ||     6
   Stab: Sleeping          |     1 |     3 ||     4
         Distracted        |       |     1 ||     1
 Armour: Robe              |     9 |    27 ||    36
  Dodge: Dodged            |    53 |    89 ||   142
